Jets vs Blackhawks

Created - December 9, 2020 at 19:09

Goals
1 2 3 OT1 SO T
Jets 2 1 0 0 0 3
Blackhawks 1 1 1 0 1 4
Shots
1 2 3 OT1 SO T
Jets 5 11 10 1 3 27
Blackhawks 12 8 9 0 2 29

1st period

1. Blackhawks , Antoine Roussel 10 (Tim Connolly 11, Seth Jones 4) at 4:51
2. Jets , Adam Henrique 12 (Ryan Johansen 24) at 5:45 (PP)
3. Jets , Derek Stepan 9 (Tyler Myers 12, Adam Henrique 12) at 7:18

Penalties :
Craig Cunningham (Chi) for Hooking (Minor) at 5:44, Brad Boyes (Chi) for Hooking (Minor) at 8:22, Craig Cunningham (Chi) for Tripping (Minor) at 14:00, Gabriel Bourque (Chi) for Hooking (Minor) at 19:54

2nd period

4. Blackhawks , Rick Nash 6 (Derick Brassard 15, Seth Jones 5) at 5:13
5. Jets , Adam Henrique 13 (Jacob Trouba 5, Derek Stepan 13) at 15:09

Penalties :
Rick Nash (Chi) for High sticking (Minor) at 17:24

3rd period

6. Blackhawks , Chris Kreider 12 (Derick Brassard 16, Rick Nash 10) at 3:29

Penalties :
Marco Scandella (Win) for Hooking (Minor) at 3:38, Jacob Trouba (Win) for Hooking (Minor) at 17:00

Overtime #1

No Goal

Penalties :
No Penalty

Shootout

Jets, Nino Niederreiter - Stopped by Jimmy Howard
Blackhawks, Antoine Roussel - Goal!
Jets, Derek Stepan - Stopped by Jimmy Howard
Blackhawks, Chris Kreider - Stopped by Kari Lehtonen
Jets, Adam Henrique - Shot Misses the Net

Penalties :
No Penalty

Goalie Stats

Kari Lehtonen (Win), 26 saves from 29 shots - (0.897), OTL, 7-5-1, 65:00 minutes
Jimmy Howard (Chi), 24 saves from 27 shots - (0.889), W, 7-6-0, 65:00 minutes

Players Stats for Jets

Player Name              G  A  P  +/- PIM S  H  SB GA TA FO     MP     PP MP  PK MP  
------------------------------------------------------------------------------------
Adam Henrique            2  1  3   0  0   5  1  0  0  1  0/0    20:51   4:15   0:00 
Bobby Ryan               0  0  0   0  0   2  3  0  0  0  0/0    15:28   0:00   0:00 
Derek Stepan             1  1  2   0  0   2  3  1  0  1  7/23   20:14   3:42   0:00 
Erik Haula               0  0  0   0  0   1  2  0  0  1  0/0    14:44   0:00   1:28 
Jaccob Slavin            0  0  0   0  0   1  1  0  1  0  0/0    22:11   3:52   1:56 
Jacob Trouba             0  1  1  -1  2   4  1  0  0  1  0/0    25:21   0:42   1:28 
Jared Spurgeon           0  0  0  -1  0   0  3  0  0  1  0/0    20:32   3:33   1:00 
Kevin Hayes              0  0  0   0  0   0  4  0  0  0  0/0    15:11   3:42   0:00 
Marco Scandella          0  0  0   0  2   1  1  0  1  1  0/0    28:44   4:07   1:14 
Marcus Johansson         0  0  0  -1  0   0  1  0  1  0  0/0    18:43   3:42   0:21 
Nino Niederreiter        0  0  0  -1  0   3  1  0  2  1  0/2    21:00   4:15   1:05 
Noel Acciari             0  0  0   0  0   0  3  0  0  1  2/5    10:51   0:00   2:09 
Robert Hagg              0  0  0   0  0   0  0  2  0  0  0/0    16:42   0:25   2:18 
Ronalds Kenins           0  0  0   0  0   3  1  1  0  0  0/0     9:15   0:00   2:03 
Ryan Johansen            0  1  1  -1  0   2  1  0  1  0  17/23  21:07   4:15   0:50 
Ryan Strome              0  0  0   0  0   0  2  0  1  0  0/0     7:12   0:00   0:00 
Sam Gagner               0  0  0   0  0   3  0  0  0  0  3/7    11:40   0:00   0:00 
Tyler Myers              0  1  1   0  0   0  3  2  0  0  0/0    16:14   3:15   0:00 

Players Stats for Blackhawks

Player Name              G  A  P  +/- PIM S  H  SB GA TA FO     MP     PP MP  PK MP  
------------------------------------------------------------------------------------
Alexander Wennberg       0  0  0   0  0   3  1  0  1  0  3/6    10:48   0:00   0:00 
Antoine Roussel          1  0  1   1  0   3  1  0  0  1  0/0    15:27   1:45   0:00 
Brad Boyes               0  0  0   0  2   2  1  0  0  0  1/1    13:18   1:45   0:00 
Brent Seabrook           0  0  0  -1  0   2  2  3  1  3  0/0    27:58   1:56   3:32 
Chris Kreider            1  0  1   0  0   5  1  2  1  0  0/1    20:55   2:13   1:13 
Craig Cunningham         0  0  0   0  4   0  0  0  1  0  0/0     7:16   0:00   0:00 
Derick Brassard          0  2  2   0  0   1  2  1  1  0  20/31  22:47   2:13   2:49 
Dougie Hamilton          0  0  0  -1  0   1  0  1  0  0  0/0    22:32   0:09   1:04 
Gabriel Bourque          0  0  0   0  2   1  2  0  0  0  1/2     8:46   0:00   0:00 
Garnet Hathaway          0  0  0   0  0   0  2  0  0  1  0/0    13:40   0:00   4:03 
John Carlson             0  0  0   0  0   2  0  0  1  1  0/0    11:12   0:00   3:21 
Matthew Spiller          0  0  0   2  0   0  2  1  0  0  0/0    23:36   2:02   3:02 
Nathan Horton            0  0  0   1  0   0  2  1  1  0  0/0    13:56   0:00   0:00 
Nick Leddy               0  0  0   0  0   2  4  2  0  1  0/0    21:06   1:15   0:01 
Patrick Marleau          0  0  0   0  0   1  0  0  0  0  0/0    14:30   0:00   1:44 
Rick Nash                1  1  2   0  2   4  3  1  0  0  0/0    20:09   2:13   1:53 
Seth Jones               0  2  2   2  0   1  0  0  1  0  0/0    22:27   2:34   4:54 
Tim Connolly             0  1  1   1  0   1  0  0  0  0  6/19   21:35   1:45   4:12 

3 Stars

1 - Adam Henrique (Win)
2 - Derek Stepan (Win)
3 - Rick Nash (Chi)

Power Play

Jets - 1 on 5 Attempt(s) - 20.00%
Blackhawks - 0 on 2 Attempt(s) - 0.00%

Penalty Kill

Jets - 2 on 2 Attempt(s) - 100.00% - Score 0 goal in Penalty Kill
Blackhawks - 4 on 5 Attempt(s) - 80.00% - Score 0 goal in Penalty Kill

Team Stat

Jets - Hits : 31 - Faceoff Wins : 29 - Blocked Shots : 6 - Penalty Minutes : 4
Blackhawks - Hits : 23 - Faceoff Wins : 31 - Blocked Shots : 12 - Penalty Minutes : 10

Official

Referees : Unknown
Linesman : Unknown

Game Notes

John Carlson is injured at 4:50 of 2nd period (Sprained Left Knee)
Tyler Myers is injured at 14:08 of 2nd period (Broken Bone (Right Arm))

Finance

Level 1 -- Attendance: 6000 (100.00%) -- Ticket Income $582,000
Level 2 -- Attendance: 4529 (90.58%) -- Ticket Income $294,385
Level 3 -- Attendance: 1997 (99.85%) -- Ticket Income $79,880
Level 4 -- Attendance: 3595 (89.88%) -- Ticket Income $89,875
Luxury Box -- Attendance: 974 (97.40%) -- Ticket Income $175,320
Game was played at the Rexall Place.
Total Attendance: 17095 (94.97%)
Total Ticket Income: $1,221,460
Other Income: $183,219
Total Income: $1,404,679

Jets

5 vs 5 Forward 
   Center                   Left Wing                Right Wing               Time % Phy DF OF 
 1 Derek Stepan             Adam Henrique            Bobby Ryan               36     1   2  2  
 2 Ryan Johansen            Marcus Johansson         Nino Niederreiter        34     1   2  2  
 3 Sam Gagner               Erik Haula               Kevin Hayes              22     1   2  2  
 4 Noel Acciari             Ronalds Kenins           Ryan Strome              8      1   2  2  

5 vs 5 Defense 
   Defense                  Defense                                           Time % Phy DF OF 
 1 Marco Scandella          Tyler Myers                                       40     1   2  2  
 2 Jacob Trouba             Jared Spurgeon                                    30     1   2  2  
 3 Jaccob Slavin            Robert Hagg                                       20     0   3  2  
 4 Jacob Trouba             Tyler Myers                                       10     2   2  1  

PowerPlay Forward 
   Center                   Left Wing                Right Wing               Time % Phy DF OF 
 1 Ryan Johansen            Adam Henrique            Nino Niederreiter        55     1   2  2  
 2 Derek Stepan             Marcus Johansson         Kevin Hayes              45     1   2  2  

PowerPlay Defense
   Defense                  Defense                                           Time % Phy DF OF 
 1 Tyler Myers              Marco Scandella                                   60     1   2  2  
 2 Jaccob Slavin            Jared Spurgeon                                    40     1   2  2  

Penalty Kill 4 Players Forward 
   Center                   Wing                     Time % Phy DF OF 
 1 Noel Acciari             Ronalds Kenins           60     1   2  2  
 2 Erik Haula               Nino Niederreiter        40     1   2  2  

Penalty Kill 4 Players Defense
   Defense                  Defense                  Time % Phy DF OF 
 1 Jacob Trouba             Robert Hagg              60     1   2  2  
 2 Tyler Myers              Marco Scandella          40     1   2  2  

Penalty Kill - 3 Players Forward 
   Forward                                           Time % Phy DF OF 
 1 Erik Haula                                        60     1   2  2  
 2 Nino Niederreiter                                 40     1   2  2  

Penalty Kill - 3 Players Defense
   Defense                  Defense                  Time % Phy DF OF 
 1 Tyler Myers              Jacob Trouba             60     1   2  2  
 2 Marco Scandella          Robert Hagg              40     1   2  2  

4 vs 4 Forward 
   Center                   Wing                     Time % Phy DF OF 
 1 Ryan Johansen            Adam Henrique            60     1   2  2  
 2 Derek Stepan             Nino Niederreiter        40     1   2  2  

4 vs 4 Defense
   Defense                  Defense                  Time % Phy DF OF 
 1 Marco Scandella          Jacob Trouba             60     1   2  2  
 2 Tyler Myers              Jaccob Slavin            40     1   2  2  

Last Minutes Offensive
   Center                   Left Wing                Right Wing               Defense                  Defense                  
   Derek Stepan             Adam Henrique            Nino Niederreiter        Marco Scandella          Tyler Myers              

Last Minutes Defensive
   Center                   Left Wing                Right Wing               Defense                  Defense                  
   Ryan Johansen            Erik Haula               Nino Niederreiter        Marco Scandella          Tyler Myers              

Goaltenders
Starting : Kari Lehtonen            
Backup : Jonathan Bernier         

Extra Forwards
Normal : Nino Niederreiter, Derek Stepan, Adam Henrique - PP : Nino Niederreiter, Derek Stepan - PK : Nino Niederreiter
Extra Defensemen
Normal : Tyler Myers, Marco Scandella, Jacob Trouba - PP : Tyler Myers - PK : Tyler Myers, Marco Scandella
Penalty Shots
Nino Niederreiter, Derek Stepan, Adam Henrique, Ryan Johansen, Erik Haula

Scratches
None

Blackhawks

5 vs 5 Forward 
   Center                   Left Wing                Right Wing               Time % Phy DF OF 
 1 Derick Brassard          Chris Kreider            Rick Nash                40     1   2  2  
 2 Tim Connolly             Antoine Roussel          Nathan Horton            30     1   2  2  
 3 Alexander Wennberg       Patrick Marleau          Brad Boyes               20     1   2  2  
 4 Gabriel Bourque          Craig Cunningham         Garnet Hathaway          10     1   2  2  

5 vs 5 Defense 
   Defense                  Defense                                           Time % Phy DF OF 
 1 John Carlson             Nick Leddy                                        40     1   2  2  
 2 Brent Seabrook           Dougie Hamilton                                   30     1   2  2  
 3 Matthew Spiller          Seth Jones                                        20     1   2  2  
 4 John Carlson             Brent Seabrook                                    10     1   2  2  

PowerPlay Forward 
   Center                   Left Wing                Right Wing               Time % Phy DF OF 
 1 Derick Brassard          Chris Kreider            Rick Nash                60     1   2  2  
 2 Tim Connolly             Antoine Roussel          Brad Boyes               40     1   2  2  

PowerPlay Defense
   Defense                  Defense                                           Time % Phy DF OF 
 1 John Carlson             Seth Jones                                        60     1   2  2  
 2 Brent Seabrook           Nick Leddy                                        40     1   2  2  

Penalty Kill 4 Players Forward 
   Center                   Wing                     Time % Phy DF OF 
 1 Tim Connolly             Garnet Hathaway          60     1   2  2  
 2 Derick Brassard          Rick Nash                40     1   2  2  

Penalty Kill 4 Players Defense
   Defense                  Defense                  Time % Phy DF OF 
 1 John Carlson             Seth Jones               60     1   2  2  
 2 Brent Seabrook           Matthew Spiller          40     1   2  2  

Penalty Kill - 3 Players Forward 
   Forward                                           Time % Phy DF OF 
 1 Derick Brassard                                   60     1   2  2  
 2 Tim Connolly                                      40     1   2  2  

Penalty Kill - 3 Players Defense
   Defense                  Defense                  Time % Phy DF OF 
 1 John Carlson             Seth Jones               60     1   2  2  
 2 Brent Seabrook           Matthew Spiller          40     1   2  2  

4 vs 4 Forward 
   Center                   Wing                     Time % Phy DF OF 
 1 Derick Brassard          Chris Kreider            60     1   2  2  
 2 Tim Connolly             Rick Nash                40     1   2  2  

4 vs 4 Defense
   Defense                  Defense                  Time % Phy DF OF 
 1 John Carlson             Nick Leddy               60     1   2  2  
 2 Brent Seabrook           Dougie Hamilton          40     1   2  2  

Last Minutes Offensive
   Center                   Left Wing                Right Wing               Defense                  Defense                  
   Derick Brassard          Chris Kreider            Rick Nash                John Carlson             Nick Leddy               

Last Minutes Defensive
   Center                   Left Wing                Right Wing               Defense                  Defense                  
   Derick Brassard          Chris Kreider            Rick Nash                John Carlson             Brent Seabrook           

Goaltenders
Starting : Jimmy Howard             
Backup : Pekka Rinne              

Extra Forwards
Normal : Tim Connolly, Garnet Hathaway, Patrick Marleau - PP : Craig Cunningham, Brad Boyes - PK : Patrick Marleau
Extra Defensemen
Normal : Matthew Spiller, Seth Jones, Dougie Hamilton - PP : Matthew Spiller - PK : Seth Jones, Dougie Hamilton
Penalty Shots
Antoine Roussel, Chris Kreider, Derick Brassard, Rick Nash, Patrick Marleau

Scratches
Cody Hodgson (Strained Back Injury)

% Time on Ice - Jets

Lines # - Real PCT - Wanted PCT - Time Play
Normal Forward
1 - 31% - 36% - 14:41
2 - 30% - 34% - 14:32
3 - 24% - 22% - 11:40
4 - 15% - 8% - 7:12
Normal Defense
1 - 44% - 40% - 21:20
2 - 28% - 30% - 13:17
3 - 19% - 20% - 9:20
4 - 9% - 10% - 4:08
PP Forward
1 - 53% - 55% - 4:15
2 - 47% - 45% - 3:42
PP Defense
1 - 57% - 60% - 4:32
2 - 43% - 40% - 3:25
PK Forward
1 - 86% - 60% - 3:25
2 - 14% - 40% - 0:33
PK Defense
1 - 45% - 60% - 1:47
2 - 55% - 40% - 2:11
PK3 Forward
1 - 0% - 60%
2 - 0% - 40%
PK3 Defense
1 - 0% - 60%
2 - 0% - 40%
44 Forward
1 - 100% - 60% - 5:00
2 - 0% - 40% - 0:00
44 Defense
1 - 29% - 60% - 1:28
2 - 71% - 40% - 3:32
Last Minute Offensive  - 0:00
Last Minute Defensive  - 0:00
Total
Forward - 65:00
Defense - 65:00

% Time on Ice - Blackhawks

Lines # - Real PCT - Wanted PCT - Time Play
Normal Forward
1 - 35% - 40% - 16:42
2 - 29% - 30% - 13:49
3 - 22% - 20% - 10:28
4 - 15% - 10% - 7:06
Normal Defense
1 - 44% - 40% - 21:03
2 - 28% - 30% - 13:42
3 - 18% - 20% - 8:27
4 - 10% - 10% - 4:53
PP Forward
1 - 56% - 60% - 2:13
2 - 44% - 40% - 1:45
PP Defense
1 - 68% - 60% - 2:43
2 - 32% - 40% - 1:15
PK Forward
1 - 68% - 60% - 5:24
2 - 32% - 40% - 2:33
PK Defense
1 - 62% - 60% - 4:55
2 - 38% - 40% - 3:02
PK3 Forward
1 - 0% - 60%
2 - 0% - 40%
PK3 Defense
1 - 0% - 60%
2 - 0% - 40%
44 Forward
1 - 93% - 60% - 4:38
2 - 7% - 40% - 0:22
44 Defense
1 - 78% - 60% - 3:53
2 - 22% - 40% - 1:07
Last Minute Offensive  - 0:00
Last Minute Defensive  - 0:00
Total
Forward - 65:00
Defense - 65:00

Play-by-Play

1st period


0:01 of 1st period - Derek Stepan wins face-off versus Derick Brassard in neutral zone.
0:11 of 1st period - Snap shot by Rick Nash.
0:11 of 1st period - Shot Misses the Net.
0:13 of 1st period - Wrist shot by John Carlson.
0:13 of 1st period - Shot Blocked by Tyler Myers.
0:15 of 1st period - Slapshot by John Carlson.
0:15 of 1st period - Stopped by Kari Lehtonen without a rebound.
0:16 of 1st period - Ryan Johansen wins face-off versus Tim Connolly in Jets zone.
0:42 of 1st period - Brent Seabrook is hit by Jared Spurgeon.
2:16 of 1st period - Snap shot by Alexander Wennberg.
2:16 of 1st period - Stopped by Kari Lehtonen without a rebound.
2:17 of 1st period - Brad Boyes wins face-off versus Sam Gagner in Jets zone.
2:18 of 1st period - Wrist shot by Patrick Marleau.
2:18 of 1st period - Stopped by Kari Lehtonen with a rebound.
2:34 of 1st period - Dougie Hamilton is hit by Tyler Myers and loses puck.
3:05 of 1st period - Rick Nash is hit by Adam Henrique and loses puck.
3:26 of 1st period - Wrist shot by Rick Nash.
3:26 of 1st period - Deflect By Chris Kreider.
3:26 of 1st period - Stopped by Kari Lehtonen with a rebound.
3:28 of 1st period - Slapshot by Brent Seabrook.
3:28 of 1st period - Deflect By Adam Henrique.
3:28 of 1st period - Stopped by Kari Lehtonen with a rebound.
3:30 of 1st period - Snap shot by Rick Nash.
3:30 of 1st period - Stopped by Kari Lehtonen without a rebound.
3:31 of 1st period - Ryan Johansen wins face-off versus Tim Connolly in Jets zone.
3:31 of 1st period - Ryan Johansen is hit by Nathan Horton.
4:02 of 1st period - Erik Haula is hit by Gabriel Bourque and loses puck.
4:49 of 1st period - Wrist shot by Tim Connolly.
4:49 of 1st period - Stopped by Kari Lehtonen with a rebound.
4:51 of 1st period - Slapshot by Antoine Roussel.
4:51 of 1st period - Goal by Antoine Roussel - Jets : 0 - Blackhawks : 1.
4:52 of 1st period - Ryan Johansen wins face-off versus Chris Kreider in neutral zone.
5:23 of 1st period - Snap shot by Tim Connolly.
5:23 of 1st period - Shot Blocked by Derek Stepan.
5:44 of 1st period - Minor Penalty to Craig Cunningham for Hooking.
5:45 of 1st period - Ryan Johansen wins face-off versus Tim Connolly in Blackhawks zone.
5:45 of 1st period - Wrist shot by Adam Henrique.
5:45 of 1st period - Goal by Adam Henrique - Jets : 1 - Blackhawks : 1.
5:46 of 1st period - Ryan Johansen wins face-off versus Derick Brassard in neutral zone.
6:01 of 1st period - Snap shot by Nino Niederreiter.
6:01 of 1st period - Stopped by Jimmy Howard with a rebound.
6:03 of 1st period - Wrist shot by Marcus Johansson.
6:03 of 1st period - Shot Misses the Net.
6:10 of 1st period - Icing by John Carlson.
6:11 of 1st period - Derick Brassard wins face-off versus Derek Stepan in Blackhawks zone.
6:44 of 1st period - Slapshot by Brad Boyes.
6:44 of 1st period - Stopped by Kari Lehtonen with a rebound.
7:04 of 1st period - Snap shot by Chris Kreider.
7:04 of 1st period - Shot Misses the Net.
7:06 of 1st period - Snap shot by Nick Leddy.
7:06 of 1st period - Stopped by Kari Lehtonen without a rebound.
7:07 of 1st period - Derick Brassard wins face-off versus Derek Stepan in Jets zone.
7:16 of 1st period - Slapshot by Adam Henrique.
7:16 of 1st period - Stopped by Jimmy Howard with a rebound.
7:18 of 1st period - Slapshot by Tyler Myers.
7:18 of 1st period - Deflect By Derek Stepan.
7:18 of 1st period - Goal by Derek Stepan - Jets : 2 - Blackhawks : 1.
7:19 of 1st period - Ryan Johansen wins face-off versus Tim Connolly in neutral zone.
7:32 of 1st period - Wrist shot by Ryan Johansen.
7:32 of 1st period - Shot Blocked by Brent Seabrook.
7:34 of 1st period - Slapshot by Nino Niederreiter.
7:34 of 1st period - Shot Blocked by Brent Seabrook.
7:36 of 1st period - Slapshot by Marco Scandella.
7:36 of 1st period - Stopped by Jimmy Howard with a rebound.
8:22 of 1st period - Minor Penalty to Brad Boyes for Hooking.
8:23 of 1st period - Tim Connolly wins face-off versus Ryan Johansen in Blackhawks zone.
8:50 of 1st period - Tim Connolly is hit by Derek Stepan and loses puck.
9:54 of 1st period - Icing by Marco Scandella.
9:55 of 1st period - Ryan Johansen wins face-off versus Derick Brassard in Jets zone.
10:22 of 1st period - Penalty to Brad Boyes is over, Brad Boyes is back on ice.
11:00 of 1st period - Chris Kreider is hit by Erik Haula and loses puck.
11:20 of 1st period - Ryan Johansen is hit by Nathan Horton.
12:36 of 1st period - Slapshot by Brent Seabrook.
12:36 of 1st period - Stopped by Kari Lehtonen without a rebound.
12:37 of 1st period - Tim Connolly wins face-off versus Derek Stepan in Jets zone.
13:12 of 1st period - Backhand shot by Kevin Hayes.
13:12 of 1st period - Shot Misses the Net.
13:14 of 1st period - Snap shot by Erik Haula.
13:14 of 1st period - Shot Misses the Net.
13:46 of 1st period - Slapshot by John Carlson.
13:46 of 1st period - Stopped by Kari Lehtonen with a rebound.
14:00 of 1st period - Minor Penalty to Craig Cunningham for Tripping.
14:01 of 1st period - Ryan Johansen wins face-off versus Tim Connolly in Blackhawks zone.
14:34 of 1st period - Snap shot by Tyler Myers.
14:34 of 1st period - Shot Blocked by Rick Nash.
16:00 of 1st period - Penalty to Craig Cunningham is over, Craig Cunningham is back on ice.
16:04 of 1st period - Tyler Myers is hit by Alexander Wennberg.
16:16 of 1st period - Chris Kreider is hit by Ryan Strome.
16:38 of 1st period - Wrist shot by Antoine Roussel.
16:38 of 1st period - Shot Misses the Net.
16:50 of 1st period - Patrick Marleau is hit by Ronalds Kenins and loses puck.
17:03 of 1st period - Erik Haula is hit by Gabriel Bourque and loses puck.
17:24 of 1st period - John Carlson is hit by Marcus Johansson and loses puck.
17:39 of 1st period - Snap shot by Chris Kreider.
17:39 of 1st period - Shot Hit the Post.
17:41 of 1st period - Slapshot by Rick Nash.
17:41 of 1st period - Shot Misses the Net.
18:09 of 1st period - Noel Acciari is hit by Garnet Hathaway and loses puck.
18:30 of 1st period - Marcus Johansson is hit by Chris Kreider and loses puck.
18:58 of 1st period - Brent Seabrook is hit by Tyler Myers and loses puck.
19:20 of 1st period - Erik Haula is hit by Antoine Roussel and loses puck.
19:54 of 1st period - Minor Penalty to Gabriel Bourque for Hooking.
19:55 of 1st period - Ryan Johansen wins face-off versus Tim Connolly in Blackhawks zone.
Goals for this period are 2 for Jets vs 1 for Blackhawks.
Shots for this period are 5 for Jets vs 12 for Blackhawks.

2nd period


0:01 of 2nd period - Ryan Johansen wins face-off versus Tim Connolly in neutral zone.
1:45 of 2nd period - Derek Stepan is hit by Rick Nash and loses puck.
1:54 of 2nd period - Penalty to Gabriel Bourque is over, Gabriel Bourque is back on ice.
2:10 of 2nd period - Snap shot by Gabriel Bourque.
2:10 of 2nd period - Shot Blocked by Tyler Myers.
2:16 of 2nd period - Garnet Hathaway is hit by Tyler Myers and loses puck.
2:33 of 2nd period - Snap shot by Alexander Wennberg.
2:33 of 2nd period - Stopped by Kari Lehtonen without a rebound.
2:34 of 2nd period - Alexander Wennberg wins face-off versus Derek Stepan in Jets zone.
2:46 of 2nd period - Off-side.
2:47 of 2nd period - Tim Connolly wins face-off versus Nino Niederreiter in neutral zone.
3:32 of 2nd period - Wrist shot by Erik Haula.
3:32 of 2nd period - Stopped by Jimmy Howard without a rebound.
3:33 of 2nd period - Sam Gagner wins face-off versus Alexander Wennberg in Blackhawks zone.
4:21 of 2nd period - Wrist shot by Ryan Johansen.
4:21 of 2nd period - Stopped by Jimmy Howard without a rebound.
4:22 of 2nd period - Tim Connolly wins face-off versus Ryan Johansen in Blackhawks zone.
4:22 of 2nd period - Tim Connolly is hit by Ryan Johansen.
4:49 of 2nd period - John Carlson is hit by Kevin Hayes and loses puck.
4:50 of 2nd period - John Carlson from Blackhawks is injured at 4:50 of 2nd period (Sprained Left Knee).
4:51 of 2nd period - Derick Brassard wins face-off versus Derek Stepan in Blackhawks zone.
4:51 of 2nd period - Derick Brassard is hit by Bobby Ryan.
4:59 of 2nd period - Slapshot by Chris Kreider.
4:59 of 2nd period - Stopped by Kari Lehtonen without a rebound.
5:00 of 2nd period - Derick Brassard wins face-off versus Derek Stepan in Jets zone.
5:03 of 2nd period - Slapshot by Chris Kreider.
5:03 of 2nd period - Deflect By Rick Nash.
5:03 of 2nd period - Stopped by Kari Lehtonen without a rebound.
5:04 of 2nd period - Derick Brassard wins face-off versus Derek Stepan in Jets zone.
5:13 of 2nd period - Snap shot by Rick Nash.
5:13 of 2nd period - Goal by Rick Nash - Jets : 2 - Blackhawks : 2.
5:14 of 2nd period - Derick Brassard wins face-off versus Derek Stepan in neutral zone.
5:17 of 2nd period - Adam Henrique is hit by Rick Nash and loses puck.
5:53 of 2nd period - Icing by Tyler Myers.
5:54 of 2nd period - Ryan Johansen wins face-off versus Derick Brassard in Jets zone.
5:54 of 2nd period - Ryan Johansen is hit by Derick Brassard.
6:22 of 2nd period - Snap shot by Derek Stepan.
6:22 of 2nd period - Shot Blocked by Nathan Horton.
6:25 of 2nd period - Icing by Nathan Horton.
6:26 of 2nd period - Derek Stepan wins face-off versus Tim Connolly in Blackhawks zone.
6:31 of 2nd period - Wrist shot by Bobby Ryan.
6:31 of 2nd period - Stopped by Jimmy Howard with a rebound.
6:54 of 2nd period - Off-side.
6:55 of 2nd period - Derick Brassard wins face-off versus Nino Niederreiter in neutral zone.
7:31 of 2nd period - Backhand shot by Adam Henrique.
7:31 of 2nd period - Shot Blocked by Matthew Spiller.
7:45 of 2nd period - Slapshot by Tyler Myers.
7:45 of 2nd period - Shot Misses the Net.
8:28 of 2nd period - Wrist shot by Nino Niederreiter.
8:28 of 2nd period - Shot Misses the Net.
8:30 of 2nd period - Slapshot by Jacob Trouba.
8:30 of 2nd period - Stopped by Jimmy Howard without a rebound.
8:31 of 2nd period - Derick Brassard wins face-off versus Derek Stepan in Blackhawks zone.
8:47 of 2nd period - Marco Scandella is hit by Derick Brassard and loses puck.
9:04 of 2nd period - Slapshot by Nino Niederreiter.
9:04 of 2nd period - Shot Misses the Net.
9:22 of 2nd period - Gabriel Bourque is hit by Kevin Hayes and loses puck.
9:51 of 2nd period - Nick Leddy is hit by Ryan Strome and loses puck.
10:08 of 2nd period - Snap shot by Derek Stepan.
10:08 of 2nd period - Shot Misses the Net.
10:10 of 2nd period - Wrist shot by Bobby Ryan.
10:10 of 2nd period - Shot Blocked by Nick Leddy.
10:12 of 2nd period - Slapshot by Marco Scandella.
10:12 of 2nd period - Shot Blocked by Chris Kreider.
10:46 of 2nd period - Gabriel Bourque is hit by Kevin Hayes.
10:52 of 2nd period - Slapshot by Dougie Hamilton.
10:52 of 2nd period - Shot Blocked by Robert Hagg.
10:54 of 2nd period - Slapshot by Dougie Hamilton.
10:54 of 2nd period - Shot Misses the Net.
10:56 of 2nd period - Slapshot by Nick Leddy.
10:56 of 2nd period - Deflect By Jaccob Slavin.
10:56 of 2nd period - Stopped by Kari Lehtonen with a rebound.
10:58 of 2nd period - Slapshot by Dougie Hamilton.
10:58 of 2nd period - Deflect By Robert Hagg.
10:58 of 2nd period - Stopped by Kari Lehtonen with a rebound.
11:08 of 2nd period - Slapshot by Jaccob Slavin.
11:08 of 2nd period - Shot Blocked by Derick Brassard.
11:19 of 2nd period - Jacob Trouba is hit by Brent Seabrook and loses puck.
11:35 of 2nd period - Wrist shot by Ryan Strome.
11:35 of 2nd period - Deflect By Ronalds Kenins.
11:35 of 2nd period - Shot Misses the Net.
11:35 of 2nd period - Puck is out of play.
11:36 of 2nd period - Noel Acciari wins face-off versus Tim Connolly in Blackhawks zone.
11:37 of 2nd period - Slapshot by Ronalds Kenins.
11:37 of 2nd period - Stopped by Jimmy Howard without a rebound.
11:38 of 2nd period - Tim Connolly wins face-off versus Derek Stepan in Blackhawks zone.
12:28 of 2nd period - Icing by Matthew Spiller.
12:29 of 2nd period - Sam Gagner wins face-off versus Gabriel Bourque in Blackhawks zone.
12:42 of 2nd period - Snap shot by Sam Gagner.
12:42 of 2nd period - Stopped by Jimmy Howard with a rebound.
13:02 of 2nd period - Jacob Trouba is hit by Rick Nash.
13:22 of 2nd period - Wrist shot by Antoine Roussel.
13:22 of 2nd period - Stopped by Kari Lehtonen without a rebound.
13:23 of 2nd period - Tim Connolly wins face-off versus Ryan Johansen in Jets zone.
13:55 of 2nd period - Tyler Myers is hit by Brad Boyes.
14:07 of 2nd period - Tyler Myers is hit by Nick Leddy and loses puck.
14:08 of 2nd period - Tyler Myers from Jets is injured at 14:08 of 2nd period (Broken Bone (Right Arm)).
14:09 of 2nd period - Derek Stepan wins face-off versus Derick Brassard in Jets zone.
14:18 of 2nd period - Snap shot by Chris Kreider.
14:18 of 2nd period - Stopped by Kari Lehtonen without a rebound.
14:19 of 2nd period - Derick Brassard wins face-off versus Derek Stepan in Jets zone.
14:26 of 2nd period - Rick Nash is hit by Derek Stepan and loses puck.
14:37 of 2nd period - Wrist shot by Derek Stepan.
14:37 of 2nd period - Shot Misses the Net.
14:39 of 2nd period - Slapshot by Jacob Trouba.
14:39 of 2nd period - Shot Misses the Net.
14:41 of 2nd period - Slapshot by Jacob Trouba.
14:41 of 2nd period - Shot Blocked by Brent Seabrook.
14:43 of 2nd period - Snap shot by Jacob Trouba.
14:43 of 2nd period - Shot Misses the Net.
14:47 of 2nd period - Slapshot by Derek Stepan.
14:47 of 2nd period - Shot Misses the Net.
14:59 of 2nd period - Wrist shot by Derek Stepan.
14:59 of 2nd period - Stopped by Jimmy Howard with a rebound.
15:01 of 2nd period - Snap shot by Derek Stepan.
15:01 of 2nd period - Shot Misses the Net.
15:03 of 2nd period - Slapshot by Jacob Trouba.
15:03 of 2nd period - Stopped by Jimmy Howard with a rebound.
15:05 of 2nd period - Wrist shot by Adam Henrique.
15:05 of 2nd period - Stopped by Jimmy Howard with a rebound.
15:07 of 2nd period - Slapshot by Jacob Trouba.
15:07 of 2nd period - Stopped by Jimmy Howard with a rebound.
15:09 of 2nd period - Snap shot by Adam Henrique.
15:09 of 2nd period - Goal by Adam Henrique - Jets : 3 - Blackhawks : 2.
15:10 of 2nd period - Ryan Johansen wins face-off versus Tim Connolly in neutral zone.
15:27 of 2nd period - Snap shot by Nino Niederreiter.
15:27 of 2nd period - Shot Misses the Net.
16:37 of 2nd period - Wrist shot by Bobby Ryan.
16:37 of 2nd period - Shot Misses the Net.
16:57 of 2nd period - Jacob Trouba is hit by Matthew Spiller and loses puck.
17:21 of 2nd period - Snap shot by Ryan Johansen.
17:21 of 2nd period - Deflect By Seth Jones.
17:21 of 2nd period - Shot Misses the Net.
17:21 of 2nd period - Puck is out of play.
17:22 of 2nd period - Derick Brassard wins face-off versus Derek Stepan in Blackhawks zone.
17:24 of 2nd period - Minor Penalty to Rick Nash for High sticking.
17:25 of 2nd period - Ryan Johansen wins face-off versus Tim Connolly in Blackhawks zone.
17:25 of 2nd period - Snap shot by Adam Henrique.
17:25 of 2nd period - Shot Misses the Net.
19:24 of 2nd period - Penalty to Rick Nash is over, Rick Nash is back on ice.
19:41 of 2nd period - Chris Kreider is hit by Noel Acciari and loses puck.
Goals for this period are 1 for Jets vs 1 for Blackhawks.
Shots for this period are 11 for Jets vs 8 for Blackhawks.

3rd period


0:01 of 3rd period - Derek Stepan wins face-off versus Derick Brassard in neutral zone.
0:53 of 3rd period - Snap shot by Brad Boyes.
0:53 of 3rd period - Stopped by Kari Lehtonen without a rebound.
0:54 of 3rd period - Alexander Wennberg wins face-off versus Sam Gagner in Jets zone.
1:09 of 3rd period - Patrick Marleau is hit by Erik Haula and loses puck.
1:30 of 3rd period - Snap shot by Sam Gagner.
1:30 of 3rd period - Stopped by Jimmy Howard without a rebound.
1:31 of 3rd period - Derek Stepan wins face-off versus Derick Brassard in Blackhawks zone.
1:38 of 3rd period - Slapshot by Chris Kreider.
1:38 of 3rd period - Deflect By Derick Brassard.
1:38 of 3rd period - Stopped by Kari Lehtonen with a rebound.
1:58 of 3rd period - Tim Connolly is hit by Jared Spurgeon.
2:03 of 3rd period - Off-side.
2:04 of 3rd period - Ryan Johansen wins face-off versus Tim Connolly in neutral zone.
2:15 of 3rd period - Nathan Horton is hit by Marco Scandella and loses puck.
2:24 of 3rd period - Snap shot by Nino Niederreiter.
2:24 of 3rd period - Stopped by Jimmy Howard without a rebound.
2:25 of 3rd period - Derek Stepan wins face-off versus Derick Brassard in Blackhawks zone.
2:26 of 3rd period - Backhand shot by Adam Henrique.
2:26 of 3rd period - Shot Blocked by Chris Kreider.
2:34 of 3rd period - Wrist shot by Adam Henrique.
2:34 of 3rd period - Stopped by Jimmy Howard with a rebound.
3:19 of 3rd period - Slapshot by Seth Jones.
3:19 of 3rd period - Shot Misses the Net.
3:21 of 3rd period - Snap shot by Brad Boyes.
3:21 of 3rd period - Deflect By Patrick Marleau.
3:21 of 3rd period - Shot Misses the Net.
3:21 of 3rd period - Puck is out of play.
3:22 of 3rd period - Derick Brassard wins face-off versus Derek Stepan in Jets zone.
3:29 of 3rd period - Snap shot by Chris Kreider.
3:29 of 3rd period - Goal by Chris Kreider - Jets : 3 - Blackhawks : 3.
3:30 of 3rd period - Derick Brassard wins face-off versus Derek Stepan in neutral zone.
3:38 of 3rd period - Minor Penalty to Marco Scandella for Hooking.
3:39 of 3rd period - Derick Brassard wins face-off versus Noel Acciari in Jets zone.
4:13 of 3rd period - Slapshot by Seth Jones.
4:13 of 3rd period - Deflect By Jacob Trouba.
4:13 of 3rd period - Stopped by Kari Lehtonen without a rebound.
4:14 of 3rd period - Derick Brassard wins face-off versus Noel Acciari in Jets zone.
4:27 of 3rd period - Wrist shot by Rick Nash.
4:27 of 3rd period - Stopped by Kari Lehtonen with a rebound.
5:38 of 3rd period - Penalty to Marco Scandella is over, Marco Scandella is back on ice.
5:50 of 3rd period - Garnet Hathaway is hit by Bobby Ryan and loses puck.
6:07 of 3rd period - Marcus Johansson is hit by Nick Leddy and loses puck.
6:43 of 3rd period - Garnet Hathaway is hit by Bobby Ryan and loses puck.
7:04 of 3rd period - Chris Kreider is hit by Derek Stepan and loses puck.
7:35 of 3rd period - Antoine Roussel is hit by Jared Spurgeon and loses puck.
8:13 of 3rd period - Dougie Hamilton is hit by Noel Acciari and loses puck.
8:20 of 3rd period - Wrist shot by Seth Jones.
8:20 of 3rd period - Shot Misses the Net.
8:22 of 3rd period - Snap shot by Craig Cunningham.
8:22 of 3rd period - Shot Misses the Net.
8:24 of 3rd period - Wrist shot by Craig Cunningham.
8:24 of 3rd period - Shot Misses the Net.
8:26 of 3rd period - Wrist shot by Seth Jones.
8:26 of 3rd period - Shot Blocked by Ronalds Kenins.
8:28 of 3rd period - Slapshot by Seth Jones.
8:28 of 3rd period - Shot Misses the Net.
8:30 of 3rd period - Slapshot by Gabriel Bourque.
8:30 of 3rd period - Shot Blocked by Robert Hagg.
9:11 of 3rd period - Wrist shot by Gabriel Bourque.
9:11 of 3rd period - Stopped by Kari Lehtonen without a rebound.
9:12 of 3rd period - Ryan Johansen wins face-off versus Derick Brassard in Jets zone.
9:14 of 3rd period - Icing by Jacob Trouba.
9:15 of 3rd period - Derick Brassard wins face-off versus Ryan Johansen in Jets zone.
9:54 of 3rd period - Snap shot by Bobby Ryan.
9:54 of 3rd period - Stopped by Jimmy Howard without a rebound.
9:55 of 3rd period - Sam Gagner wins face-off versus Derick Brassard in Blackhawks zone.
10:22 of 3rd period - Adam Henrique is hit by Brent Seabrook and loses puck.
10:45 of 3rd period - Slapshot by Nino Niederreiter.
10:45 of 3rd period - Stopped by Jimmy Howard without a rebound.
10:46 of 3rd period - Ryan Johansen wins face-off versus Alexander Wennberg in Blackhawks zone.
11:30 of 3rd period - Wrist shot by Nino Niederreiter.
11:30 of 3rd period - Shot Misses the Net.
11:32 of 3rd period - Slapshot by Ryan Johansen.
11:32 of 3rd period - Stopped by Jimmy Howard without a rebound.
11:33 of 3rd period - Derick Brassard wins face-off versus Derek Stepan in Blackhawks zone.
12:03 of 3rd period - Wrist shot by Antoine Roussel.
12:03 of 3rd period - Stopped by Kari Lehtonen with a rebound.
13:00 of 3rd period - Off-side.
13:01 of 3rd period - Derek Stepan wins face-off versus Alexander Wennberg in neutral zone.
13:03 of 3rd period - Robert Hagg is hit by Matthew Spiller and loses puck.
13:26 of 3rd period - Chris Kreider is hit by Jaccob Slavin.
13:36 of 3rd period - Snap shot by Chris Kreider.
13:36 of 3rd period - Stopped by Kari Lehtonen with a rebound.
13:46 of 3rd period - Slapshot by Jaccob Slavin.
13:46 of 3rd period - Stopped by Jimmy Howard without a rebound.
13:47 of 3rd period - Noel Acciari wins face-off versus Tim Connolly in Blackhawks zone.
14:19 of 3rd period - Seth Jones is hit by Noel Acciari and loses puck.
15:00 of 3rd period - Snap shot by Ronalds Kenins.
15:00 of 3rd period - Stopped by Jimmy Howard with a rebound.
15:02 of 3rd period - Wrist shot by Ronalds Kenins.
15:02 of 3rd period - Stopped by Jimmy Howard without a rebound.
15:03 of 3rd period - Alexander Wennberg wins face-off versus Sam Gagner in Blackhawks zone.
15:16 of 3rd period - Snap shot by Erik Haula.
15:16 of 3rd period - Shot Misses the Net.
15:20 of 3rd period - Slapshot by Sam Gagner.
15:20 of 3rd period - Stopped by Jimmy Howard without a rebound.
15:21 of 3rd period - Derick Brassard wins face-off versus Derek Stepan in Blackhawks zone.
15:52 of 3rd period - Alexander Wennberg is hit by Kevin Hayes and loses puck.
16:14 of 3rd period - Off-side.
16:15 of 3rd period - Gabriel Bourque wins face-off versus Ryan Johansen in neutral zone.
16:47 of 3rd period - Slapshot by Alexander Wennberg.
16:47 of 3rd period - Stopped by Kari Lehtonen without a rebound.
16:48 of 3rd period - Derick Brassard wins face-off versus Sam Gagner in Jets zone.
17:00 of 3rd period - Minor Penalty to Jacob Trouba for Hooking.
17:01 of 3rd period - Derick Brassard wins face-off versus Noel Acciari in Jets zone.
19:00 of 3rd period - Penalty to Jacob Trouba is over, Jacob Trouba is back on ice.
19:13 of 3rd period - Snap shot by Adam Henrique.
19:13 of 3rd period - Deflect By Derek Stepan.
19:13 of 3rd period - Shot Blocked by Dougie Hamilton.
19:13 of 3rd period - Puck is out of play.
19:14 of 3rd period - Derick Brassard wins face-off versus Ryan Johansen in Blackhawks zone.
19:29 of 3rd period - Snap shot by Nino Niederreiter.
19:29 of 3rd period - Shot Blocked by Nick Leddy.
19:39 of 3rd period - Marcus Johansson is hit by Nick Leddy and loses puck.
Goals for this period are 0 for Jets vs 1 for Blackhawks.
Shots for this period are 10 for Jets vs 9 for Blackhawks.

Overtime #1


0:01 of 1st overtime period - Ryan Johansen wins face-off versus Derick Brassard in neutral zone.
0:14 of 1st overtime period - Wrist shot by Adam Henrique.
0:14 of 1st overtime period - Shot Misses the Net.
0:16 of 1st overtime period - Wrist shot by Jacob Trouba.
0:16 of 1st overtime period - Stopped by Jimmy Howard with a rebound.
0:26 of 1st overtime period - Marco Scandella is hit by Nick Leddy and loses puck.
0:54 of 1st overtime period - Dougie Hamilton is hit by Jacob Trouba and loses puck.
2:46 of 1st overtime period - Robert Hagg is hit by Garnet Hathaway.
3:50 of 1st overtime period - Derick Brassard is hit by Nino Niederreiter and loses puck.
Goals for this period are 0 for Jets vs 0 for Blackhawks.
Shots for this period are 1 for Jets vs 0 for Blackhawks.

ShootOut


5:00 of 1st overtime period - Round #1.
5:00 of 1st overtime period - Jets, Nino Niederreiter.
5:00 of 1st overtime period - Deke by Nino Niederreiter.
5:00 of 1st overtime period - Stopped by Jimmy Howard.
5:00 of 1st overtime period - Blackhawks, Antoine Roussel.
5:00 of 1st overtime period - Deke by Antoine Roussel.
5:00 of 1st overtime period - Goal by Antoine Roussel.
5:00 of 1st overtime period - Round #2.
5:00 of 1st overtime period - Jets, Derek Stepan.
5:00 of 1st overtime period - Backhand shot by Derek Stepan.
5:00 of 1st overtime period - Stopped by Jimmy Howard.
5:00 of 1st overtime period - Blackhawks, Chris Kreider.
5:00 of 1st overtime period - Snap shot by Chris Kreider.
5:00 of 1st overtime period - Stopped by Kari Lehtonen.
5:00 of 1st overtime period - Round #3.
5:00 of 1st overtime period - Jets, Adam Henrique.
5:00 of 1st overtime period - Deke by Adam Henrique.
5:00 of 1st overtime period - Shot Misses the Net.